 Dungeon Crawl Stone Soup version 0.29-a0-700-g2f1814c7b2 (webtiles) character file.

Game seed: 12732787239538489238

135 Patoropollo the Covered (level 4, -5/41 HPs)
             Began as a Minotaur Fighter on June 25, 2022.
             Slain by an orc wizard
             ... wielding a +0 quarterstaff
              (8 damage)
             ... on level 3 of the Dungeon.
             The game lasted 00:04:16 (1806 turns).

Patoropollo the Covered (Minotaur Fighter)          Turns: 1806, Time: 00:04:17

Health: -5/41      AC:  9    Str: 23    XL:     4   Next: 97%
Magic:  3/3        EV: 10    Int:  5    God:
Gold:   91         SH:  4    Dex:  9    Spells: 3/3 levels left

rFire   . . .      SeeInvis .   a - +0 flail
rCold   . . .      Faith    .   c - +0 buckler
rNeg    . . .      Spirit   .   b - +0 scale mail
rPois   +          Reflect  .   (helmet restricted)
rElec   .          Harm     .   p - +0 cloak
rCorr   .          Rampage  .   m - +0 pair of gloves
Will    .....                   (no boots)
Stlth   ..........              (no amulet)
HPRegen 0.13/turn               j - ring of poison resistance
MPRegen 0.08/turn               (no ring)

@: no status effects
A: horns 2, retaliatory headbutt
a: no special abilities


You were on level 3 of the Dungeon.
You visited 1 branch of the dungeon, and saw 3 of its levels.

You collected 91 gold pieces.

Inventory:

Hand Weapons
 a - a +0 flail (weapon)
 i - a +1 short sword of speed
Armour
 b - a +0 scale mail (worn)
 c - a +0 buckler (worn)
 m - a +0 pair of gloves (worn)
 p - a +0 cloak (worn)
Jewellery
 j - a ring of poison resistance (left hand)
Scrolls
 g - a scroll of teleportation {unknown}
 n - 2 scrolls of identify {unknown}
 o - 2 scrolls of magic mapping {unknown}
 r - a scroll of blinking {unknown}
Potions
 d - 2 potions of might
 e - 3 potions of heal wounds {unknown}
 f - a potion of brilliance {unknown}
 h - 3 potions of curing {unknown}
 k - a potion of lignification {unknown}
 l - a potion of mutation {unknown}
 q - 2 potions of haste {unknown}


   Skills:
 + Level 4.4 Fighting
 + Level 3.5 Maces & Flails
 + Level 4.4 Armour
 + Level 2.0 Dodging
 + Level 4.4 Shields


You had 3 spell levels left.
You didn't know any spells.
Your spell library contained the following spells:

 Spells                   Type           Power      Damage    Failure   Level
 Spider Form              Tmut/Pois      0%         N/A       99%         3
 Corpse Rot               Necr/Pois/Air  0%         N/A       100%        4
 Olgreb's Toxic Radiance  Pois           0%         N/A       100%        4
 Alistair's Intoxication  Tmut/Pois      0%         N/A       100%        5


Dungeon Overview and Level Annotations

Branches:
Dungeon (3/15)

Altars:


Innate Abilities, Weirdness & Mutations

You have a pair of horns on your head.
You reflexively headbutt those who attack you in melee.


Message History

The orc wizard gestures wildly while chanting.
The orc wizard flickers and vanishes!
Deactivating autopickup; reactivate with Ctrl-A.
The gnoll closely misses you. The orc closely misses you.
You thump the gnoll!
The gnoll is severely wounded.
The gnoll barely misses you. You block the orc's attack.
You hit the gnoll but do no damage. Your headbutt misses the gnoll.
The gnoll is severely wounded.
The orc hits you with a +0 flail.
* * * LOW HITPOINT WARNING * * *
The gnoll barely misses you.
You closely miss the gnoll.
The gnoll is severely wounded.
The orc hits you but does no damage. The gnoll hits you but does no damage.
Unknown command.
You closely miss the gnoll.
The gnoll is severely wounded.
The orc hits you but does no damage. The gnoll barely misses you.
You furiously retaliate!
You headbutt the gnoll.
You kill the gnoll!
Something hits you but does no damage. The orc hits you with a +0 flail.
* * * LOW HITPOINT WARNING * * *
Your Dodging skill increases to level 2!
You barely miss something. Your headbutt misses something.
You block the orc's attack. Something hits you but does no damage.
You hear some strange, mumbled words.
You closely miss the orc.
You hear some strange, mumbled words.
A magic dart appears from out of thin air!
The magic dart hits you.
* * * LOW HITPOINT WARNING * * *
The orc barely misses you. You furiously retaliate!
You headbutt the orc!
You kill the orc!
You thump the rat!
You kill the rat!
Something hits you but does no damage.
Unknown command.
You hit something. Something hits you!
You die...

#... ..... #...
#....## #... ......<
... .....## .. ..
....... .# .#......#
.# #{)......
.##########@##..#
..#...........#
#.#...........#
#.#..........##
###......).....#
#...#..........#
##.#.#..........#
####..#.#..........#
....................


There were no monsters in sight!

Vanquished Creatures
  An orc priest (D:3)
  3 gnolls (D:3)
  3 adders
  A dart slug (D:1)
  An orc (D:3)
  2 endoplasms (D:2)
  4 giant cockroaches
  2 goblins (D:1)
  4 hobgoblins
  4 jackals (D:3)
  A quokka (D:2)
  5 ball pythons
  4 bats
  6 frilled lizards
  7 kobolds
  5 rats
53 creatures vanquished.

Notes
Turn   | Place    | Note
-------+----------+-------------------------------------------
     0 | D:1      | Patoropollo the Minotaur Fighter began the quest for the
                  | Orb.
     0 | D:1      | Reached XP level 1. HP: 19/19 MP: 0/0
   221 | D:1      | Found a faded altar of an unknown god.
   250 | D:1      | Reached XP level 2. HP: 27/27 MP: 1/1
   444 | D:1      | Reached skill level 1 in Dodging
   675 | D:2      | Reached XP level 3. HP: 33/33 MP: 2/2
   675 | D:2      | Upgraded the game from 0.29-a0-676-ga64570c9d2 to
                  | 0.29-a0-700-g2f1814c7b2
  1357 | D:2      | Got Sif Muna's Collected Works on Venom
  1566 | D:3      | Reached XP level 4. HP: 19/40 MP: 3/3
  1804 | D:3      | HP: 2/41 [something/magic dart (2)]
  1806 | D:3      | Slain by an orc wizard

Illustrated notes

Levels and vault maps discovered:
D:1:      dpeg_arrival_round_b, layout_basic,
          dreamdust_ecumenical_altar_hidden_monk_grotto
D:2:      layout_basic, moated_statue
D:3:      layout_rooms

Skill      XL: |  1  2  3  4 |
---------------+-------------+-----
Dodging        | 1 2 |  2.0
Shields        | 4 |  4.4
Armour         | 4 |  4.4
Fighting       | 4 |  4.4
Maces & Flails | 3 |  3.5

Action                   |  1- 3 |  4- 6 || total
-------------------------+-------+-------++-------
Melee: Flail             |    91 |    33 ||   124
       Headbutt          |     7 |     3 ||    10
Armor: Scale mail        |    55 |    30 ||    85
Dodge: Dodged            |    57 |    24 ||    81
Block: Buckler           |    24 |    17 ||    41

Table legend: (Time is in decaauts)
 A = Elapsed time spent in this place.
 B = Non-inter-level travel time spent in this place.
 C = Inter-level travel time spent in this place.
 D = Time resting spent in this place.
 E = Time spent auto-exploring this place.
 F = Levels seen in this place.
 G = Mean time per level.
                   A        B        C        D        E       F      G
               +--------+--------+--------+--------+--------+-----+--------+
         Total |   1841 |   1775 |     66 |      0 |   1444 |   3 |  613.7 |
       Dungeon |   1841 |   1775 |     66 |      0 |   1444 |   3 |  613.7 |
               +--------+--------+--------+--------+--------+-----+--------+

Top non-repeatable levels by time:
     D:2: 893 daAuts
     D:1: 666 daAuts
     D:3: 281 daAuts
